AoeStats
← Echo

Hill Fort

505028139Analyzed
2v2 RM · 24d ago on Sep 7, 2026· 31m 9s· 4 players
Game mode
Random Map
Map size
Medium (4 player)
Population
200
Speed
Normal
Resources
Standard
Victory
Conquest
Starting age
Dark Age
Ending age
Imperial Age
RankedLock teamsTeams togetherTeam positionsShared explorationLock speedFull tech treeHidden civsTurbo modeCheats
Victory
Defeat
🇪🇸 Persians · Spain
738
+14
🇹🇷 Khitans · Türkiye
722
+14
🇲🇽 Vietnamese · Mexico
697
-21
🇺🇸 Spanish · United States
697
-21
Po
5:40 Loom
9:56 Feudal Age
15:02 Double-Bit Axe
15:35 Gold Mining
22:58 Padded Archer Armor
24:06 Wheelbarrow
23:42 Fletching
29:36 Castle Age
SecretAgentSixSeven
Metrallas
3:40 Loom
4:12 Loom
Echo
11:00 Feudal Age
14:28 Double-Bit Axe
19:52 Castle Age
18:21 Domestication
18:59 Forging
21:10 Light Cavalry
22:48 Iron Casting
22:19 Scale Barding Armor
22:44 Pastoralism
28:57 Chain Barding Armor
Connection lost

Rejoining the realm…

Still unreachable

The connection could not be restored.

Session expired

The server has moved on; the page needs a fresh start.